 Dungeon Crawl Stone Soup version 0.31-a0-1616-gbeaec30b81 (webtiles) character file.

Game seed: 2829983927696022742

586323 Dirtsage the Skinwalker (level 26, -32/232 HPs)
             Began as an Octopode Shapeshifter on Jan 10, 2024.
             Was the Champion of the Shining One.
             Killed from afar by Aryock the pandemonium lord (41 damage)
             ... with a great blast of fire
             ... in Pandemonium on Jan 11, 2024.
             The game lasted 03:12:33 (53742 turns).

Dirtsage the Skinwalker (Octopode Shapeshifter)    Turns: 53742, Time: 03:12:33

Health: -32/232    AC: 31    Str: 22    XL:     26   Next: 84%
Magic:  0/32       EV: 24    Int: 20    God:    the Shining One [******]
Gold:   5972       SH: 31    Dex: 24    Spells: 13/36 levels left

rFire   + +          +
                       - Unarmed
rCold   + + +        m - +4 kite shield of Faad {Regen+}
rNeg    + + +        Y - +2 hat {Stlth+}
rPois   ∞            Q - amulet "Dokegg" {Spirit rF+ Regen+}
rElec   +            N - ring "Sogg" {Wiz rC+ Dex+4}
rCorr   +            j - ring of Xom's Bemusement {rC+ Str+4}
SInv    +            R - ring of the Rabble {Fly Will+ Slay+3 Stlth-}
Will    +++..        b - ring of Tialet {AC+4 Dex+2 SInv}
Stlth   +++          e - ring "Qiocridy" {^Contam rC+ Str+6}
HPRegen 2.18/turn    x - ring of the City {^Contam rPois Will+ Int+7 Slay-2}
MPRegen 0.23/turn    P - ring of Ollaercha {Fly rF+ rCorr Int-2}
                     I - ring of Taghoeschig {Wiz +Blink rF+ Str-4 Stlth+}

%: guardian spirit, wizardry (x2)
@: divinely shielded, statue-form, corroded, flying, glowing, studying 2 skills,
unable to read, very slow
A: slow and powerful, torment resistance 1, boosted hp, almost no armour,
amphibious, 8 rings, camouflage 1, (gelatinous body 1), (nimble swimmer 1),
tentacles, deterioration 1, inability to read after injury 1
}: 4/15 runes: barnacled, silver, abyssal, gossamer
a: Begin Untransformation, Renounce Religion, Evoke Blink, Divine Shield,
Cleansing Flame, Summon Divine Warrior, Brand Weapon With Holy Wrath


You were in Pandemonium.
You worshipped the Shining One.
The Shining One was exalted by your worship.
You were a living statue of rough stone.
You visited 10 branches of the dungeon, and saw 46 of its levels.
You visited Pandemonium 2 times, and saw 4 of its levels.
You visited the Abyss 2 times.
You also visited: Trove, Sewer, Ossuary and Ice Cave.

You collected 26834 gold pieces.
You spent 9230 gold pieces at shops.
You paid 11632 gold pieces to Gozag.

Inventory:

Armour
 m - the +4 kite shield of Faad (worn) {Regen+}
   (You found it on level 13 of the Dungeon)

   Regen+:    It increases your rate of health regeneration.
 w - the +18 shield of the Gong {Loud rN+ Will+ rCorr EV-5}
   (You acquired it on level 1 of the Crypt)

   Loud:      It is deafeningly noisy when blocking attacks.
   EV-5:      It affects your evasion (-5).
   rN+:       It protects you from negative energy.
   Will+:     It increases your willpower.
   rCorr:     It protects you from acid and corrosion.
 Y - a +2 hat of stealth (worn)
Magical Staves
 G - a staff of conjuration
Jewellery
 b - the ring of Tialet (on tentacle) {AC+4 Dex+2 SInv}
   (You found it in a treasure trove)

   [ring of protection]

   AC+4:      It affects your AC (+4).
   Dex+2:     It affects your dexterity (+2).
   SInv:      It lets you see invisible.
 e - the ring "Qiocridy" (on tentacle) {^Contam rC+ Str+6}
   (You found it in a treasure trove)

   [ring of protection from cold]

   Str+6:     It affects your strength (+6).
   rC+:       It protects you from cold.
   ^Contam:   It causes magical contamination when unequipped.
 j - the ring of Xom's Bemusement (right tentacle) {rC+ Str+4}
   (You found it in a treasure trove)

   [ring of protection from cold]

   Str+4:     It affects your strength (+4).
   rC+:       It protects you from cold.
 k - the ring of Fulyokh {Fly rC+ rN+ Dex+4}
   (You found it on level 3 of the Crypt)

   [ring of positive energy]

   Dex+4:     It affects your dexterity (+4).
   rC+:       It protects you from cold.
   rN+:       It protects you from negative energy.
   Fly:       It grants you flight.
 x - the ring of the City (on tentacle) {^Contam rPois Will+ Int+7 Slay-2}
   (You bought it in a shop on level 4 of the Depths)

   [ring of willpower]

   Int+7:     It affects your intelligence (+7).
   Slay-2:    It affects your accuracy & damage with ranged weapons and melee
   (-2).
   rPois:     It protects you from poison Will+: It increases your willpower.
   ^Contam:   It causes magical contamination when unequipped.
 C - the ring of Harucall {rC++ rN+ AC+4 Int-4}
   (You took it off a deep elf annihilator on level 5 of the Vaults)

   [ring of protection]

   AC+4:      It affects your AC (+4).
   Int-4:     It affects your intelligence (-4).
   rC++:      It greatly protects you from cold.
   rN+:       It protects you from negative energy.
 F - the ring of Omumameu {rElec rPois rF++ Int-4 Stlth+}
   (You found it on level 2 of the Vaults)

   [ring of poison resistance]

   Int-4:     It affects your intelligence (-4).
   rF++:      It greatly protects you from fire.
   rElec:     It insulates you from electricity.
   rPois:     It protects you from poison Stlth+: It makes you more stealthy.
 I - the ring of Taghoeschig (on tentacle) {Wiz +Blink rF+ Str-4 Stlth+}
   (You acquired it on level 2 of the Shoals)

   [ring of wizardry]

   Wiz:       It improves your spell success rate.
   Str-4:     It affects your strength (-4).
   rF+:       It protects you from fire.
   +Blink:    It lets you blink.
   Stlth+:    It makes you more stealthy.
 N - the ring "Sogg" (left tentacle) {Wiz rC+ Dex+4}
   (You found it in a treasure trove)

   [ring of wizardry]

   Wiz:       It improves your spell success rate.
   Dex+4:     It affects your dexterity (+4).
   rC+:       It protects you from cold.
 O - the ring "Hiegg" {rF+ rC+}
   (You found it on level 2 of the Depths)

   [ring of protection from fire]

   rF+:       It protects you from fire.
   rC+:       It protects you from cold.
 P - the ring of Ollaercha (on tentacle) {Fly rF+ rCorr Int-2}
   (You acquired it on level 5 of the Lair of Beasts)

   [ring of flight]

   Int-2:     It affects your intelligence (-2).
   rF+:       It protects you from fire.
   Fly:       It grants you flight.
   rCorr:     It protects you from acid and corrosion.
 Q - the amulet "Dokegg" (around mantle) {Spirit rF+ Regen+}
   (You found it on level 3 of the Elven Halls)

   [amulet of guardian spirit]

   Spirit:    It causes incoming damage to be divided between your reserves of
   health and magic.
   rF+:       It protects you from fire.
   Regen+:    It increases your rate of health regeneration.
 R - the ring of the Rabble (on tentacle) {Fly Will+ Slay+3 Stlth-}
   (You found it in a treasure trove)

   [ring of willpower]

   Slay+3:    It affects your accuracy & damage with ranged weapons and melee
   (+3).
   Will+:     It increases your willpower.
   Fly:       It grants you flight.
   Stlth-:    It makes you less stealthy.
 S - the ring "Taloanum" {rElec rN+ Int+7 Slay-5}
   (You found it on level 3 of the Crypt)

   [ring of positive energy]

   Int+7:     It affects your intelligence (+7).
   Slay-5:    It affects your accuracy & damage with ranged weapons and melee
   (-5).
   rElec:     It insulates you from electricity.
   rN+:       It protects you from negative energy.
 Z - the ring of Moodiness {rF++ rC- Str+3 Dex+2 SInv}
   (You found it on level 3 of the Elven Halls)

   [ring of see invisible]

   Str+3:     It affects your strength (+3).
   Dex+2:     It affects your dexterity (+2).
   rF++:      It greatly protects you from fire.
   rC-:       It makes you vulnerable to cold.
   SInv:      It lets you see invisible.
Talismans
 V - a granite talisman (active)
Wands
 D - a wand of digging (31)
Scrolls
 g - 5 scrolls of fear
 p - 12 scrolls of fog
 r - 8 scrolls of enchant armour
 t - 13 scrolls of teleportation
 z - 2 scrolls of summoning
 B - 6 scrolls of blinking
 H - 10 scrolls of immolation
 K - 6 scrolls of revelation
 M - 5 scrolls of silence
 T - 5 scrolls of poison
Potions
 d - 17 potions of might
 f - 3 potions of magic
 h - 4 potions of haste
 l - 19 potions of heal wounds
 n - 4 potions of resistance
 o - 10 potions of cancellation
 q - 24 potions of curing
 u - 9 potions of attraction
 v - 7 potions of lignification
 A - 9 potions of enlightenment
 E - 9 potions of mutation
 U - 5 potions of brilliance
 X - 7 potions of ambrosia
Miscellaneous
 c - a condenser vane
 i - a lightning rod (4/4)
 J - a sack of spiders
 L - a phantom mirror
 W - a phial of floods


   Skills:
 - Level 14.5 Fighting
 - Level 14.7 Dodging
 - Level 10.1 Stealth
 - Level 17.4 Shields
 - Level 20.1 Unarmed Combat
 - Level 5.7 Spellcasting
 - Level 9.7 Conjurations
 - Level 10.4 Translocations
 * Level 19.5 Ice Magic
 - Level 10.0 Air Magic
 + Level 13.0 Invocations
 - Level 13.6 Evocations
 - Level 21.4 Shapeshifting


You had 13 spell levels left.
You knew the following spells:

 Your Spells              Type           Power      Damage    Failure   Level
a - Vhi's Electric Charg  Tloc/Air       92%        N/A       1%          4
b - Manifold Assault      Tloc           47%        N/A       1%          4
c - Freezing Cloud        Conj/Ice/Air   27%        6-21      1%          5
d - Polar Vortex          Ice            35%        12d4*     73%         9
g - Apportation           Tloc           94%        N/A       1%          1

Your spell library contained the following spells:

 Spells                   Type           Power      Damage    Failure   Level
 Freeze                   Ice            100%       1d10      0%          1
 Frozen Ramparts          Ice            100%       1d16      0%          3
 Ozocubu's Armour         Ice            71%        N/A       0%          3
 Kiss of Death            Conj/Necr      100%       2d13      1%          1
 Shock                    Conj/Air       100%       1d9       1%          1
 Blink                    Tloc           94%        N/A       1%          2
 Ensorcelled Hibernation  Hex/Ice        88%        N/A       1%          2
 Lesser Beckoning         Tloc           94%        N/A       1%          2
 Momentum Strike          Conj/Tloc      92%        3d10      1%          2
 Searing Ray              Conj           88%        2d7       1%          2
 Dazzling Flash           Conj/Hex       50%        N/A       1%          3
 Gell's Gravitas          Tloc           47%        N/A       1%          3
 Hailstorm                Conj/Ice       59%        3d11      1%          3
 Stone Arrow              Conj/Erth      50%        3d10      1%          3
 Summon Ice Beast         Ice/Summ       44%        N/A       1%          3
 Swiftness                Air            45%        N/A       1%          3
 Teleport Other           Tloc           47%        N/A       1%          3
 Volatile Blastmotes      Fire/Tloc      52%        2d14      1%          3
 Airstrike                Air            22%        2d(4-20)  1%          4
 Iskenderun's Mystic Bla  Conj/Tloc      46%        2d10      1%          4
 Passage of Golubria      Tloc           47%        N/A       1%          4
 Arcjolt                  Conj/Air       22%        1d32      1%          5
 Ozocubu's Refrigeration  Ice            35%        4d15      1%          7
 Metabolic Englaciation   Hex/Ice        22%        N/A       2%          5
 Sandblast                Erth           10%        2d5       4%          1
 Slow                     Hex            20%        N/A       4%          1
 Dimensional Bullseye     Hex/Tloc       13%        N/A       4%          4
 Brom's Barrelling Bould  Conj/Erth      25%        2d5       5%          4
 Flame Wave               Conj/Fire      25%        2d8       5%          4
 Jinxbite                 Hex            10%        N/A       6%          2
 Dispersal                Tloc           23%        N/A       9%          6
 Sculpt Simulacrum        Ice/Alch       22%        N/A       11%         6
 Call Canine Familiar     Summ           5%         N/A       12%         3
 Confusing Touch          Hex            5%         N/A       12%         3
 Fugue of the Fallen      Necr           5%         N/A       12%         3
 Inner Flame              Hex/Fire       5%         N/A       12%         3
 Passwall                 Erth           5%         N/A       12%         3
 Sigil of Binding         Hex            5%         N/A       12%         3
 Tukima's Dance           Hex            5%         N/A       12%         3
 Vampiric Draining        Necr           5%         2d6       12%         3
 Anguish                  Hex/Necr       2%         N/A       34%         4
 Animate Dead             Necr           5%         N/A       34%         4
 Cause Fear               Hex            2%         N/A       34%         4
 Dispel Undead            Necr           5%         3d7       34%         4
 Ignite Poison            Fire/Alch      5%         N/A       34%         4
 Petrify                  Alch/Erth      5%         N/A       34%         4
 Sticky Flame             Fire/Alch      5%         2d4       34%         4
 Summon Blazeheart Golem  Fire/Summ      5%         N/A       34%         4
 Orb of Destruction       Conj           22%        9d8       47%         7
 Plasma Beam              Fire/Air       12%        2x1d23    54%         6
 Alistair's Intoxication  Alch           3%         N/A       67%         5
 Borgnjor's Vile Clutch   Necr/Erth      2%         N/A       67%         5
 Summon Mana Viper        Hex/Summ       5%         N/A       67%         5
 Yara's Violent Unravell  Hex/Alch       2%         3d3       67%         5
 Disjunction              Tloc           23%        N/A       95%         8
 Maxwell's Capacitive Co  Air            22%        ∞         97%         8
 Spellforged Servitor     Conj/Summ      12%        N/A       98%         7
 Eringya's Noxious Bog    Alch           2%         4d6       99%         6
 Enfeeble                 Hex            2%         N/A       100%        7
 Haunt                    Necr/Summ      2%         N/A       100%        7
 Discord                  Hex            2%         N/A       100%        8
 Infestation              Necr           2%         N/A       100%        8
 Lehudib's Crystal Spear  Conj/Erth      12%        10d4      100%        8


Dungeon Overview and Level Annotations

Branches:
Dungeon (15/15)            Temple (1/1) D:6            Lair (5/5) D:9
 Shoals (4/4) Lair:3       Spider (4/4) Lair:2        Slime (0/5) Lair:5
    Orc (2/2) D:9             Elf (3/3) Orc:2        Vaults (5/5) D:13
  Crypt (3/3) Vaults:3       Tomb (0/3) Crypt:3      Depths (4/4) D:15
    Zot (0/5) Depths:4      Sewer (visited)         Ossuary (visited)
  IceCv (visited)

Altars:
Ashenzari
Cheibriados
Dithmenos
Elyvilon
Fedhas
Gozag
Hepliaklqana
Kikubaaqudgha
Makhleb
Nemelex Xobeh
Okawaru
Qazlal
Ru
Sif Muna
Trog
Uskayaw
Vehumet
Wu Jian
Xom
Yredelemnul
Zin
The Shining One

Shops:
D:8 *   D:11 =   D:13 (   D:15 (   Orc:1 !   Orc:2 :[:(:   Elf:1 ?   Elf:3 *
Shoals:4 (   Vaults:1 ?   Vaults:2 *   Vaults:3 ([[   Vaults:4 (
Depths:2 (?!!   Depths:3 ?   Depths:4 =:=:*:==*=

Portals:
Hell: Depths:1 Depths:2 Depths:3 Depths:4
Abyss: Depths:2 Depths:3
Pandemonium: Depths:2
Ziggurat: Depths:3


Innate Abilities, Weirdness & Mutations

You are a living statue of rough stone.
Your actions are slow, but your melee attacks are powerful.
You are resistant to unholy torment.
Your maximum health is greatly increased.
You cannot wear most types of armour.
You are amphibious.
You can wear up to eight rings at the same time.
You are immune to poison.
Your skin changes colour to match your surroundings (Stealth+).
((Your rubbery body absorbs attacks. (AC +1, EV +1)))
((You are camouflaged when in or above water. (Stealth+)))
You have tentacles for arms and can constrict up to eight enemies at once.
Your body sometimes deteriorates upon taking damage.
You occasionally lose the ability to read scrolls when taking damage.


Message History

The reaper hits you from afar with a +5 scythe of venom!
* * * LOW HITPOINT WARNING * * *
You take 11 damage, and have 55/232 hp.
You now have 5/32 mp.
You tentacle-slap the Executioner but do no damage.
Your squeeze misses the Executioner.
The Executioner is heavily wounded.
You block the Executioner's attack. x3; The Executioner hits you!
* * * LOW HITPOINT WARNING * * *
The Executioner hits you but does no damage.
The Executioner hits you.
* * * LOW HITPOINT WARNING * * *
The Executioner hits you!
* * * LOW HITPOINT WARNING * * *
You feel threatened and lose the ability to read scrolls!
The Executioner hits you but does no damage. x2
The smoke demon gestures at you. Something smites you!
* * * LOW HITPOINT WARNING * * *
The reaper completely misses you.
The reaper hits you from afar with a +3 scythe of protection!!
* * * LOW HITPOINT WARNING * * *
The Executioner closely misses you.
The Executioner completely misses you. x2
You take 52 damage, and have 3/232 hp.
MASSIVE DAMAGE!!
You now have 0/32 mp.
You block the Executioner's attack. x3; The Executioner hits you!
The Shining One protects you from harm! The Executioner misses you.
The Executioner hits you but does no damage.
The reaper beckons to you.
The Executioner hits you but does no damage.
The Executioner barely misses you.
The Executioner hits you but does no damage.
You regained 4 hp, and now have 7/232 hp.
You thrash the Executioner!!!
You kill the Executioner!
The Shining One accepts your kill.
You hear a shout!
Aryock gestures at you.
A raging storm of fire appears!
The great blast of fire engulfs you!!! You partially resist.
You die...

.........2°.# #....2. #.
.........#5.# #.....2 #.
.........#3## #...... #.
.........#32## #.2....
#.
.......∩X#42&#####3.....
#.
........5.43.62.1222....
#.
###.######.4##2#######
## ##.###.## #.# ##8#
#.# ##.# #.# ## ###


You could see Aryock (clouds), a demonspawn corrupter, a balrug, 3 reapers, a
smoke demon, a ynoxinul and an ufetubus (summoned).

Vanquished Creatures
  2 dread liches (Vaults:5)
  Mennas (Crypt:1)
  Josephina (Crypt:1)
  3 pandemonium lords (Pan)
  A caustic shrike (Depths:2)
  The ghost of Kiamal the Earth Mage, a veteran GnHW of Vehumet (Crypt:2)
  Nikola (Vaults:1)
  Jory (Crypt:3)
  A profane servitor (Abyss:4)
  A golden dragon (Vaults:5)
  Arachne (Spider:3)
  2 shard shrike zombies (Crypt:3)
  2 Tzitzimimeh (Pan)
  5 tentacled monstrosities
  Rupert (D:15)
  A Hell Sentinel (Pan)
  A Brimstone Fiend (Pan)
  4 Ice Fiends (Pan)
  Mlioglotl (Spider:3)
  Zenata (Crypt:3)
  The ghost of Jeidgh the Stickfighter, an adept NaAE of Ru (Crypt:1)
  A lich (Depths:4)
  2 deep elf master archers (Elf:3)
  2 deep elf blademasters (Elf:3)
  2 quicksilver dragons
  5 titans
  8 sphinxes
  6 Executioners
  Polyphemus (Shoals:2)
  2 krakens
  4 tentacled starspawn
  8 tengu reavers
  5 storm dragons
  An ancient champion (Crypt:3)
  2 shadow dragons (Vaults:5)
  2 demonspawn warmongers (Pan)
  A draconian monk (Depths:4)
  9 fire giants
  9 frost giants
  9 emperor scorpions
  9 deep elf sorcerers
  A draconian scorcher (Depths:4)
  An iron dragon (Vaults:5)
  2 orc warlords
  6 ghost moths
  21 vault wardens
  A juggernaut zombie (Crypt:3)
  10 balrugs
  2 ghouls (Crypt:1)
  3 cacodemons (Pan)
  3 formless jellyfish
  A curse skull (Crypt:3)
  A demonspawn blood saint (Pan)
  A deep elf elementalist (Elf:3)
  3 broodmothers
  10 reapers (Pan)
  3 spriggan defenders (Depths:2)
  24 ironbound preservers
  4 ironbound thunderhulks
  9 stone giants
  16 vampire knights
  25 very ugly things
  3 deep elf demonologists (Elf:3)
  5 demonspawn black suns (Pan)
  5 black draconians (Depths:4)
  9 deep elf annihilators
  3 spark wasps
  A war gargoyle (Vaults:5)
  11 deep elf death magi
  8 dire elephants
  A white draconian (Depths:4)
  A red draconian (Depths:4)
  7 blizzard demons
  A purple draconian (Depths:4)
  5 eidola
  11 jiangshi
  7 green deaths (Pan)
  11 fire dragons
  2 merfolk javelineers (Shoals:1)
  8 ettins
  12 yaktaur captains
  2 spriggan zombies (Crypt:3)
  8 entropy weavers
  10 merfolk impalers
  4 deep elf high priests
  3 rakshasas
  4 spriggan air magi
  38 vault guards
  2 catoblepae
  7 great orbs of eyes
  6 ice dragons
  2 hell beasts (Pan)
  3 ogre magi
  An alligator snapping turtle (Shoals:3)
  6 radroaches
  A merfolk avatar (Shoals:3)
  5 merfolk aquamancers
  2 death knights (Crypt:1)
  2 radroaches (shapeshifter)
  10 two-headed ogres
  10 ironbound frosthearts
  14 boulder beetles
  An anaconda (Depths:2)
  32 dancing weapons
  13 centaur warriors
  2 jorogumos
  A two-headed ogre (shapeshifter) (Vaults:5)
  13 deep troll shamans
  4 tengu warriors
  2 satyrs (Shoals:4)
  12 deep troll earth magi
  6 vampire magi
  15 demonic crawlers
  22 death yaks
  A hell hog (Depths:2)
  A hell knight (Depths:4)
  An occultist (Depths:1)
  9 spriggan berserkers
  3 thrashing horrors (Abyss:4)
  An orc high priest (Elf:1)
  5 pharaoh ants
  19 soul eaters
  18 sun demons
  15 deep elf knights
  14 iron trolls
  5 skysharks
  2 spark wasp zombies (D:15)
  4 storm dragon zombies (Crypt:3)
  13 sea snakes
  A wretched star (Abyss:4)
  2 shadow wraiths
  3 glowing orange brains
  A bunyip zombie (Crypt:1)
  4 skeletal warriors
  A quicksilver dragon simulacrum (Crypt:1)
  7 sixfirhies
  A storm dragon skeleton (Crypt:2)
  3 golden dragon zombies (Crypt:3)
  2 shadow demons
  2 spriggan druids (Depths:2)
  A sun moth (Spider:2)
  4 flayed ghosts
  9 orb spiders
  A tengu zombie (Vaults:3)
  9 arcanists
  15 phantasmal warriors
  8 deep elf archers
  Pikel (D:4)
  5 steelbarb worms
  30 harpies
  7 lindwurms
  21 deep elf zephyrmancers
  14 large abominations
  An orc knight (Vaults:5)
  68 deep trolls
  A harpy (shapeshifter) (D:14)
  8 necromancers
  24 ironbound convokers
  A lightning spire (Abyss:3)
  53 ugly things
  13 cyclopes
  A manticore (shapeshifter) (Vaults:5)
  A shadow dragon skeleton (Crypt:1)
  3 stone giant zombies
  38 deep elf pyromancers
  5 orc sorcerers
  22 wolf spiders
  5 fauns (Shoals:3)
  13 elephants
  2 worldbinders (Abyss:3)
  A moth of wrath (shapeshifter) (D:15)
  A frost giant skeleton (Crypt:1)
  19 manticores
  An elephant (shapeshifter) (Vaults:5)
  4 moths of wrath
  An iron dragon skeleton (Crypt:3)
  3 water nymphs
  11 meliai
  16 vault sentinels
  6 black mambas
  A guardian serpent (shapeshifter) (Vaults:5)
  3 kobold blastminers (Orc:1)
  A naga zombie (Crypt:3)
  10 cane toads
  3 ice statues (IceCv)
  8 smoke demons
  3 merfolk sirens
  4 orange demons (Pan)
  3 gargoyles
  3 centaur skeletons
  4 kobold demonologists
  19 yaktaurs
  2 torpor snails
  2 unseen horrors
  An unseen horror (shapeshifter) (D:14)
  3 hellions
  A storm dragon simulacrum (Crypt:1)
  6 rime drakes
  A naga skeleton (Crypt:1)
  8 komodo dragons
  4 tengu conjurers (Depths:3)
  An anaconda simulacrum (IceCv)
  6 freezing wraiths
  An ancient zyme (Abyss:3)
  2 efreet
  A minotaur skeleton (Crypt:3)
  A red devil (Pan)
  8 tormentors (Pan)
  10 trolls
  A black draconian skeleton (Crypt:2)
  2 guardian mummies (D:11)
  25 merfolk
  A sea snake skeleton (Crypt:3)
  A catoblepas skeleton (Crypt:1)
  2 merfolk (shapeshifter)
  2 hornets
  4 polar bears
  A harpy zombie (Crypt:3)
  A polar bear (shapeshifter) (D:11)
  25 tarantellas
  2 glass eyes (Depths:3)
  3 hellwings (Pan)
  4 wind drakes
  A harpy skeleton (Crypt:1)
  19 blink frogs
  A fire giant simulacrum (Vaults:4)
  10 raiju (Abyss:3)
  11 dream sheep (Lair:5)
  A glass eye (shapeshifter) (Vaults:5)
  A death drake skeleton (Crypt:2)
  Grinder (Sewer)
  33 slime creatures
  2 ettin zombies
  7 snapping turtles
  20 jumping spiders
  7 culicivoras
  A snapping turtle (shapeshifter) (Abyss:4)
  2 shadows (D:12)
  An ettin skeleton (Abyss:4)
  A spriggan (shapeshifter) (Abyss:3)
  A spriggan (Depths:2)
  5 wraiths
  2 centaur simulacra
  24 vampires
  3 ynoxinuls
  3 wyverns
  3 starcursed masses (Abyss:3)
  7 water elementals
  7 basilisks
  42 yaks
  A dire elephant simulacrum (Crypt:1)
  3 fire elementals
  2 vampire mosquitoes
  3 wargs
  63 redbacks
  2 steam dragons
  10 chaos spawn
  2 neqoxecs
  2 harpy simulacra
  A catoblepas simulacrum (Crypt:1)
  11 water moccasins
  3 acid dragons
  A demonspawn skeleton (Crypt:3)
  Duvessa (D:5)
  A hydra simulacrum (Crypt:3)
  A deep troll skeleton (Crypt:3)
  3 black bears
  3 ice beasts
  A manticore zombie (Crypt:1)
  A dream sheep zombie (Crypt:1)
  12 laughing skulls
  24 orc warriors
  A sky beast (shapeshifter) (Elf:2)
  2 sky beasts
  A small abomination (Abyss:3)
  A black mamba simulacrum (Crypt:1)
  An ettin simulacrum (Vaults:3)
  16 wolves
  22 ogres
  3 boggarts (Vaults:1)
  16 centaurs
  A blink frog skeleton (Crypt:2)
  2 weeping skulls (Abyss:3)
  11 kobold brigands
  8 elf zombies
  A brain worm (Abyss:3)
  A bullfrog (shapeshifter) (D:15)
  2 gnoll sergeants
  5 scorpions
  11 bullfrogs
  A necrophage (Crypt:1)
  A human simulacrum (Vaults:3)
  3 earth elementals
  2 cane toad simulacra (IceCv)
  A draconian skeleton (Crypt:3)
  A yaktaur skeleton (Crypt:1)
  Dowan (D:5)
  4 killer bees (D:7)
  3 elephant simulacra (IceCv)
  6 howler monkeys
  An electric eel (Lair:1)
  5 centaur zombies
  6 jellies
  A quasit (Sewer)
  A hound (D:4)
  A black bear zombie (Crypt:1)
  6 human zombies
  2 bombardier beetles
  18 orc priests
  A spectral scorpion (Ossuary)
  3 gnoll boudas
  An iron imp (Abyss:4)
  A sleepcap (D:5)
  A basilisk skeleton (Crypt:3)
  3 iguanas
  22 orc wizards
  A wolf simulacrum (IceCv)
  3 mummies (Ossuary)
  7 adders
  27 gnolls
  4 shadow imps
  14 white imps
  8 ufetubi
  An iguana skeleton (Crypt:2)
  3 dart slugs
  A ribbon worm (D:2)
  65 orcs
  A bat zombie (Sewer)
  9 endoplasms
  6 giant cockroaches (D:1)
  2 gnoll zombies (D:4)
  11 goblins
  8 hobgoblins
  4 jackals (D:1)
  6 quokkas
  6 ball pythons
  8 bats
  3 frilled lizards
  A goblin skeleton (Crypt:2)
  A jackal zombie (D:4)
  38 kobolds
  4 rats
  5 tentacles (Abyss:4)
2236 creatures vanquished.

Vanquished Creatures (others)
  Asterion (Vaults:1)
  A demonspawn black sun (Pan)
  A deep elf annihilator (Elf:3)
  A merfolk aquamancer (Shoals:4)
  A deep elf zephyrmancer (Elf:1)
  2 deep elf pyromancers
  A meliai (D:15)
  2 laughing skulls (Abyss:3)
  A gnoll (D:11)
  An orc (D:11)
  A kobold zombie (Sewer)
  13 starspawn tentacles
  7 tentacles
33 creatures vanquished.

Grand Total: 2269 creatures vanquished

Notes
Turn   | Place    | Note
-------+----------+-------------------------------------------
     0 | D:1      | Dirtsage the Octopode Shapeshifter began the quest for the
                  | Orb.
     0 | D:1      | Reached XP level 1. HP: 13/13 MP: 1/1
   139 | D:1      | Reached XP level 2. HP: 17/18 MP: 2/2
   424 | D:1      | Reached XP level 3. HP: 23/23 MP: 3/3
   995 | D:2      | Found a stormy altar of Qazlal.
  1315 | D:3      | Found a bloodstained altar of Trog.
  1365 | D:3      | Reached XP level 4. HP: 25/29 MP: 4/4
  1487 | D:3      | Found a broken altar of Ashenzari.
  1487 | D:3      | Found an opulent altar of Gozag.
  1491 | D:3      | Found a stormy altar of Qazlal.
  1492 | D:3      | Noticed a scorpion
  1493 | D:3      | Found a sacrificial altar of Ru.
  1512 | D:3      | Became a worshipper of Gozag Ym Sagoz the Greedy
  1527 | D:3      | Killed a scorpion
  1528 | D:3      | Reached skill level 4 in Shapeshifting
  1528 | D:3      | Reached XP level 5. HP: 32/34 MP: 5/5
  1562 | D:3      | Found an iron altar of Okawaru.
  1822 | D:3      | Found a basalt altar of Yredelemnul.
  2074 | D:4      | Noticed a lemure
  2088 | D:4      | Found a shimmering blue altar of Sif Muna.
  2353 | D:4      | Reached XP level 6. HP: 40/41 MP: 6/6
  2411 | D:4      | Found a sand-covered staircase.
  2526 | Ossuary  | Entered an ossuary
  2564 | Ossuary  | Reached skill level 5 in Shapeshifting
  2564 | Ossuary  | Reached XP level 7. HP: 26/46 MP: 7/7
  2971 | D:4      | Noticed Pikel
  2991 | D:4      | Killed Pikel
  2992 | D:4      | Reached skill level 5 in Unarmed Combat
  2992 | D:4      | Reached skill level 6 in Shapeshifting
  2992 | D:4      | Reached XP level 8. HP: 54/54 MP: 8/8
  3506 | D:4      | Reached skill level 5 in Dodging
  3686 | D:4      | Identified a scroll of acquirement
  3686 | D:4      | Acquired a manual of Unarmed Combat
  3835 | D:5      | Entered Level 5 of the Dungeon
  3835 | D:5      | Found a glowing drain.
  3938 | Sewer    | Entered a sewer
  4038 | Sewer    | Reached skill level 7 in Shapeshifting
  4187 | Sewer    | Reached XP level 9. HP: 54/60 MP: 9/9
  4190 | Sewer    | Found a burning altar of Makhleb.
  4197 | Sewer    | Reached skill level 5 in Fighting
  4244 | Sewer    | Noticed Grinder
  4264 | Sewer    | Killed Grinder
  4830 | D:5      | Found Xemiq's Neck Hole.
  5193 | D:5      | Noticed Duvessa
  5194 | D:5      | Noticed Dowan
  5194 | D:5      | Found a burning altar of Makhleb.
  5204 | D:5      | Killed Duvessa
  5208 | D:5      | Killed Dowan
  5677 | D:6      | Reached skill level 8 in Shapeshifting
  6107 | D:6      | Found a staircase to the Ecumenical Temple.
  6125 | Temple   | Entered the Ecumenical Temple
  6389 | D:6      | Found an ancient bone altar of Kikubaaqudgha.
  6984 | D:7      | Reached XP level 10. HP: 41/68 MP: 10/10
  7953 | D:7      | Reached skill level 9 in Shapeshifting
  8257 | D:8      | Found Eius's Eclectic Emporium.
  8277 | D:8      | Bought a scroll of enchant armour for 75 gold pieces
  8277 | D:8      | Bought a potion of enlightenment for 50 gold pieces
  8277 | D:8      | Bought a potion of experience for 500 gold pieces
  8277 | D:8      | Bought a +5 ring of evasion for 360 gold pieces
  8278 | D:8      | Reached skill level 15 in Unarmed Combat
  8278 | D:8      | Reached XP level 11. HP: 74/74 MP: 11/11
  8328 | D:8      | Reached skill level 1 in Evocations
  9127 | D:9      | Found a staircase to the Lair.
  9207 | D:9      | Found a staircase to the Orcish Mines.
  9422 | D:9      | Noticed a soul eater
  9561 | D:9      | Noticed a two-headed ogre
  9581 | D:9      | Killed a two-headed ogre
  9903 | D:10     | Entered Level 10 of the Dungeon
 10267 | D:10     | Found a sparkling altar of Nemelex Xobeh.
 10986 | Lair:1   | Entered Level 1 of the Lair of Beasts
 11008 | Lair:1   | Reached skill level 10 in Shapeshifting
 11035 | Lair:1   | Reached XP level 12. HP: 58/81 MP: 12/12
 11408 | Lair:1   | Reached skill level 1 in Stealth
 12031 | Lair:2   | Noticed a death yak
 12031 | Lair:2   | Noticed a death yak
 12031 | Lair:2   | Noticed a death yak
 12031 | Lair:2   | Noticed a death yak
 12031 | Lair:2   | Noticed a death yak
 12032 | Lair:2   | Noticed a death yak
 12075 | Lair:2   | Killed a death yak
 12079 | Lair:2   | Killed a death yak
 12086 | Lair:2   | Killed a death yak
 12203 | Lair:2   | Found a hole to the Spider Nest.
 12216 | Lair:2   | Reached skill level 11 in Shapeshifting
 12296 | Lair:2   | Reached skill level 5 in Stealth
 12488 | Lair:2   | Noticed a death yak
 12497 | Lair:2   | Killed a death yak
 12498 | Lair:2   | Noticed a death yak
 12498 | Lair:2   | Noticed a death yak
 12507 | Lair:2   | Killed a death yak
 12508 | Lair:2   | Reached XP level 13. HP: 89/89 MP: 13/13
 12957 | Lair:2   | Reached skill level 12 in Shapeshifting
 14071 | Lair:3   | Reached skill level 10 in Dodging
 14277 | Lair:3   | Found a staircase to the Shoals.
 14453 | Lair:3   | Learned a level 1 spell: Apportation
 14619 | Lair:4   | Reached XP level 14. HP: 98/98 MP: 14/14
 14652 | Lair:4   | Reached skill level 10 in Fighting
 14652 | Lair:4   | Reached skill level 1 in Translocations
 14657 | Lair:4   | Reached skill level 1 in Air Magic
 14981 | Lair:4   | Reached skill level 13 in Shapeshifting
 15045 | Lair:4   | Identified the +8 rapier "Lifebane" {holy, rF++}
 15373 | Lair:5   | Entered Level 5 of the Lair of Beasts
 15790 | Lair:5   | Found a staircase to the Slime Pits.
 16204 | Lair:5   | Acquired the ring of Ollaercha {Fly rF+ rCorr Int-2}
 17472 | Orc:1    | Entered Level 1 of the Orcish Mines
 17511 | Orc:1    | Reached skill level 10 in Stealth
 17516 | Orc:1    | Noticed an orc warlord
 17529 | Orc:1    | Killed an orc warlord
 18045 | Orc:2    | Entered Level 2 of the Orcish Mines
 18045 | Orc:2    | Found Cyomm's Self-Improvement Boutique.
 18385 | Orc:2    | Found Syqelu's Antique Armour Boutique.
 18390 | Orc:2    | Reached skill level 14 in Shapeshifting
 18503 | Orc:2    | Reached XP level 15. HP: 105/105 MP: 15/15
 18824 | Orc:2    | Found Zuris's Book Shoppe.
 18845 | Orc:2    | Found Niekeuga's Book Boutique.
 18854 | Orc:2    | Reached skill level 15 in Shapeshifting
 18867 | Orc:2    | Found Meimukij's Weapon Shop.
 19152 | Orc:2    | Found a staircase to the Elven Halls.
 19598 | Orc:2    | Bought a manual of Unarmed Combat for 1280 gold pieces
 19598 | Orc:2    | Bought Arruoji's Lessons on the Wendigo for 800 gold pieces
 19598 | Orc:2    | Bought a book of Battle for 416 gold pieces
 19604 | Orc:2    | Learned a level 5 spell: Freezing Cloud
 19609 | Orc:2    | Learned a level 4 spell: Manifold Assault
 19740 | Orc:1    | Found Ofimmofo's Distillery.
 19750 | Orc:1    | Bought a potion of cancellation for 128 gold pieces
 19750 | Orc:1    | Bought a potion of might for 64 gold pieces
 19873 | Spider:1 | Entered Level 1 of the Spider Nest
 19900 | Spider:1 | Reached skill level 1 in Conjurations
 19900 | Spider:1 | Reached skill level 1 in Ice Magic
 19992 | Spider:1 | Noticed a ghost moth
 20011 | Spider:1 | Killed a ghost moth
 20317 | Spider:1 | Reached skill level 5 in Air Magic
 20910 | Spider:1 | Noticed an emperor scorpion
 20915 | Spider:1 | Killed an emperor scorpion
 21218 | Spider:1 | Reached XP level 16. HP: 111/111 MP: 16/16
 21591 | Spider:2 | Reached skill level 5 in Conjurations
 21595 | Spider:2 | Reached skill level 5 in Ice Magic
 21967 | Spider:2 | Reached skill level 16 in Shapeshifting
 22380 | Spider:3 | Noticed Arachne
 22409 | Spider:3 | Killed Arachne
 23053 | Spider:3 | Reached skill level 1 in Spellcasting
 23195 | Spider:3 | Noticed Mlioglotl
 23202 | Spider:3 | Noticed an Executioner
 23203 | Spider:3 | Noticed a tentacled starspawn
 23205 | Spider:3 | Killed Mlioglotl
 23662 | Spider:4 | Entered Level 4 of the Spider Nest
 24194 | Spider:4 | Reached XP level 17. HP: 116/116 MP: 7/20
 24676 | Spider:4 | Got a gossamer rune of Zot
 25595 | D:11     | Found a portal to a secret trove of treasure.
 25627 | D:11     | Found Ullejeh's Jewellery Shoppe.
 25655 | D:11     | You paid a toll of 3 scrolls of blinking to enter a
                  | treasure trove
 25656 | Trove    | Entered a treasure trove
 25660 | Trove    | Identified the ring of Ockiuxzo {Fire rCorr}
 25665 | Trove    | Identified the ring "Qiocridy" {^Contam rC+ Str+6}
 25671 | Trove    | Identified the ring of the Rabble {Fly Will+ Slay+3 Stlth-}
 25673 | Trove    | Identified the amulet "Vyasch" {RegenMP rElec rF+}
 25675 | Trove    | Identified the ring of Tialet {AC+4 Dex+2 SInv}
 25689 | Trove    | Identified the ring "Sogg" {Wiz rC+ Dex+4}
 25698 | Trove    | Identified the ring of Xom's Bemusement {rC+ Str+4}
 25701 | Trove    | Identified the amulet "Fedal" {Faith Harm rN+++ Int+3}
 25762 | D:11     | Bought a ring of protection from fire for 350 gold pieces
 25763 | D:11     | Bought a +5 ring of evasion for 504 gold pieces
 26070 | D:12     | Found a frozen archway.
 26114 | IceCv    | Entered an ice cave
 26340 | IceCv    | Got the Verses on the Tundra
 26524 | D:12     | Identified the +11 broad axe of Qazlal's Delight {spect,
                  | rPois rCorr Dex-2}
 26733 | D:12     | Reached skill level 10 in Air Magic
 27616 | D:13     | Found Debellis's Antique Weapon Shop.
 27934 | D:13     | Found a gate to the Vaults.
 28187 | D:13     | Identified the +4 kite shield of Faad {Regen+}
 28258 | D:13     | Found an iron altar of Okawaru.
 28889 | D:14     | Reached skill level 1 in Shields
 29009 | D:14     | Reached XP level 18. HP: 122/122 MP: 24/24
 29552 | D:15     | Entered Level 15 of the Dungeon
 29632 | D:15     | Reached skill level 5 in Shields
 29765 | D:15     | Found Decla's Antique Weapon Emporium.
 29845 | D:15     | Noticed Rupert
 29873 | D:15     | Paralysed by Rupert for 5 turns
 29882 | D:15     | Killed Rupert
 29925 | D:15     | Found a staircase to the Depths.
 30050 | D:15     | Found a shimmering blue altar of Sif Muna.
 30661 | Shoals:1 | Entered Level 1 of the Shoals
 30964 | Shoals:1 | Reached skill level 10 in Shields
 31567 | Shoals:2 | Noticed Polyphemus
 31584 | Shoals:2 | Killed Polyphemus
 32369 | Shoals:3 | Reached XP level 19. HP: 127/127 MP: 25/25
 32994 | Shoals:4 | Entered Level 4 of the Shoals
 33148 | Shoals:4 | Identified the +10 sling "Bingo" {speed, Str+2}
 33348 | Shoals:4 | Identified the +3 halberd of Defiance {drain, Str+6}
 33372 | Shoals:4 | Found Ofaev's Weapon Boutique.
 33395 | Shoals:4 | Identified the +3 buckler of the Cobbler {rC+++ Str+3
                  | Slay+3}
 33822 | Shoals:4 | Got a barnacled rune of Zot
 34135 | Elf:1    | Entered Level 1 of the Elven Halls
 34411 | Elf:1    | Reached skill level 15 in Shields
 34469 | Elf:1    | Found Niekacuna's Magic Scroll Shoppe.
 34488 | Elf:1    | Bought a scroll of blinking for 97 gold pieces
 34488 | Elf:1    | Bought a scroll of blinking for 97 gold pieces
 34488 | Elf:1    | Bought a scroll of enchant armour for 97 gold pieces
 34664 | Elf:1    | Found a bloodstained altar of Trog.
 35246 | Elf:2    | Identified the +7 rapier "Vius" {freeze, MP+9 Int+2 Dex+2
                  | Stlth+}
 35369 | Elf:2    | Found a runed translucent gate.
 35370 | Elf:2    | Found a runed translucent gate.
 35370 | Elf:2    | Found a runed translucent gate.
 35548 | Elf:2    | Reached XP level 20. HP: 134/134 MP: 26/26
 36184 | Elf:3    | Entered Level 3 of the Elven Halls
 36402 | Elf:3    | Found Haitopt's General Store.
 36686 | Elf:3    | Noticed a Brimstone Fiend
 36694 | Elf:3    | Reached skill level 5 in Translocations
 36695 | Abyss:3  | Cast into level 3 of the Abyss (a deep elf sorcerer)
 36984 | Elf:3    | Escaped the Abyss
 37093 | Elf:3    | Identified the +2 spear of the Hierophant {elec, ^Drain
                  | Str+4}
 37102 | Elf:3    | Identified the ring of Moodiness {rF++ rC- Str+3 Dex+2
                  | SInv}
 37171 | Elf:3    | Identified the +3 rapier "Olup" {elec, rElec rPois rCorr
                  | MP+9}
 37202 | Elf:3    | Identified the amulet "Dokegg" {Spirit rF+ Regen+}
 37211 | Elf:3    | Got the Information on Niveous Nephomancy
 37213 | Elf:3    | Got the Dissertation on Blasting
 37229 | Elf:3    | Got the Papyrus of the Petrified Curse
 37234 | Elf:3    | Identified the +1 rapier of Roeph {freeze, Dex+2}
 37497 | D:8      | Bought a manual of Evocations for 800 gold pieces
 37700 | Vaults:1 | Entered Level 1 of the Vaults
 37741 | Vaults:1 | Noticed Nikola
 37751 | Vaults:1 | Killed Nikola
 37812 | Vaults:1 | Acquired the ring of Taghoeschig {Wiz +Blink rF+ Str-4
                  | Stlth+}
 37878 | Vaults:1 | Identified the +5 glaive "Giantbane" {antimagic, +Blink}
 37901 | Vaults:1 | Reached XP level 21. HP: 142/142 MP: 27/27
 38017 | Vaults:1 | Noticed Asterion
 38031 | Vaults:1 | Killed Asterion
 38129 | Vaults:1 | Reached skill level 5 in Evocations
 38271 | Vaults:1 | Found Epalot's Magic Scroll Shoppe.
 38279 | Vaults:1 | Bought a scroll of blinking for 105 gold pieces
 38279 | Vaults:1 | Bought a scroll of teleportation for 42 gold pieces
 38820 | Vaults:2 | Reached skill level 17 in Shapeshifting
 39389 | Vaults:2 | Found Wunnuam's General Store.
 39397 | Vaults:2 | Bought a scroll of enchant armour for 112 gold pieces
 39397 | Vaults:2 | Bought a potion of lignification for 45 gold pieces
 39397 | Vaults:2 | Bought a potion of curing for 45 gold pieces
 39411 | Vaults:2 | Identified the ring of Omumameu {rElec rPois rF++ Int-4
                  | Stlth+}
 40096 | Vaults:3 | Found a staircase to the Crypt.
 40193 | Vaults:3 | Reached XP level 22. HP: 150/150 MP: 28/28
 40281 | Vaults:3 | Got Panag's Octavo of Frost and Wanderlust
 40656 | Vaults:3 | Found Guloxol's Antique Armour Emporium.
 40669 | Vaults:3 | Found Nextypp's Weapon Boutique.
 40878 | Vaults:3 | Found Eri Xepes's Armour Shoppe.
 41344 | Vaults:4 | Reached skill level 18 in Shapeshifting
 41379 | Vaults:4 | Reached skill level 10 in Evocations
 41889 | Vaults:4 | Found Upsal's Antique Weapon Shop.
 41930 | Vaults:4 | Identified the +6 shortbow "Mulifoff" {heavy, rC+ rCorr
                  | Dex-2 Stlth+}
 42425 | Depths:1 | Entered Level 1 of the Depths
 42498 | Depths:1 | Found a blossoming altar of Fedhas.
 42737 | Depths:1 | Found a hazy altar of Hepliaklqana.
 42739 | Depths:1 | You are sucked into a shaft and drop 1 floor!
 42739 | Depths:2 | Found Dapiarih's Distillery.
 42739 | Depths:2 | Found Loud's Antique Weapon Emporium.
 42739 | Depths:2 | Found Nuynoq's Distillery.
 42794 | Depths:2 | Found Etwucir's Magic Scroll Emporium.
 42803 | Depths:2 | Bought 2 potions of heal wounds for 130 gold pieces
 42803 | Depths:2 | Bought a potion of heal wounds for 65 gold pieces
 42803 | Depths:2 | Bought a potion of curing for 39 gold pieces
 42803 | Depths:2 | Bought a potion of curing for 39 gold pieces
 42803 | Depths:2 | Bought a potion of heal wounds for 65 gold pieces
 42803 | Depths:2 | Bought a potion of might for 52 gold pieces
 42813 | Depths:2 | Bought a potion of cancellation for 152 gold pieces
 42813 | Depths:2 | Bought a potion of lignification for 57 gold pieces
 42813 | Depths:2 | Bought a potion of mutation for 152 gold pieces
 42813 | Depths:2 | Bought a potion of mutation for 152 gold pieces
 42813 | Depths:2 | Bought a potion of cancellation for 152 gold pieces
 42813 | Depths:2 | Bought a potion of magic for 152 gold pieces
 42813 | Depths:2 | Bought a potion of might for 76 gold pieces
 42827 | Depths:2 | Bought a scroll of poison for 68 gold pieces
 42827 | Depths:2 | Bought a scroll of enchant armour for 127 gold pieces
 42827 | Depths:2 | Bought a scroll of silence for 161 gold pieces
 42886 | Depths:1 | Reached XP level 23. HP: 158/158 MP: 29/29
 43081 | Depths:1 | Found a gateway to Hell.
 43436 | Depths:2 | Found a one-way gate to the infinite horrors of the Abyss.
 43560 | Depths:2 | Noticed a caustic shrike
 43566 | Depths:2 | Killed a caustic shrike
 43655 | Depths:2 | Identified the ring "Hiegg" {rF+ rC+}
 44104 | Depths:2 | Reached skill level 19 in Shapeshifting
 44204 | Depths:2 | Found a one-way gate leading to the halls of Pandemonium.
 44497 | Depths:3 | Identified the +0 cloak "Damnable Contraption" {rPois
                  | Regen+}
 44832 | Depths:3 | Found a snail-covered altar of Cheibriados.
 44859 | Depths:3 | Found Keahotho's Magic Scroll Emporium.
 44867 | Depths:3 | Bought a scroll of teleportation for 39 gold pieces
 44867 | Depths:3 | Bought a scroll of teleportation for 39 gold pieces
 44867 | Depths:3 | Bought a scroll of teleportation for 39 gold pieces
 44867 | Depths:3 | Bought a scroll of blinking for 97 gold pieces
 44867 | Depths:3 | Bought a scroll of teleportation for 39 gold pieces
 44867 | Depths:3 | Bought a scroll of revelation for 97 gold pieces
 44867 | Depths:3 | Bought a scroll of fog for 52 gold pieces
 44867 | Depths:3 | Bought a scroll of fog for 52 gold pieces
 44867 | Depths:3 | Bought a scroll of fog for 52 gold pieces
 44939 | Depths:3 | Found a one-way gateway to a ziggurat.
 44948 | Depths:3 | Reached skill level 10 in Translocations
 45139 | Depths:4 | Entered Level 4 of the Depths
 45180 | Depths:4 | Reached skill level 5 in Spellcasting
 45244 | Depths:4 | Found a gate to the Realm of Zot.
 45349 | Depths:4 | Reached XP level 24. HP: 167/167 MP: 31/31
 45829 | Depths:4 | Found Soliwoen's Jewellery Shop.
 45837 | Depths:4 | Bought the ring of the City {^Contam rPois Will+ Int+7
                  | Slay-2} for 848 gold pieces
 45998 | Depths:4 | Bought the Disquisition on the Map and Forces for 270 gold
                  | pieces
 46003 | Depths:4 | Learned a level 4 spell: Vhi's Electric Charge
 46019 | Depths:4 | Learned a level 9 spell: Polar Vortex
 46159 | Pan      | Entered Pandemonium
 46168 | Pan      | Noticed Oczauq the pandemonium lord
 46173 | Pan      | Killed Oczauq the pandemonium lord
 46174 | Pan      | Reached skill level 10 in Ice Magic
 46380 | Pan      | Gained mutation: Your body sometimes deteriorates upon
                  | taking damage. [a neqoxec]
 46448 | Pan      | Noticed Ignacio
 46459 | Depths:2 | Escaped Pandemonium
 46834 | Temple   | Fell from the grace of Gozag
 46834 | Temple   | Became a worshipper of the Shining One
 47280 | Crypt:1  | Entered Level 1 of the Crypt
 47297 | Crypt:1  | Identified the ring of Elimpol {Ice Int+4 Dex+2}
 47297 | Crypt:1  | Noticed Josephina
 47297 | Crypt:1  | Reached * piety under the Shining One
 47307 | Crypt:1  | Killed Josephina
 47308 | Crypt:1  | Reached skill level 1 in Invocations
 47329 | Crypt:1  | Reached ** piety under the Shining One
 47453 | Crypt:1  | Found a runed translucent door.
 47463 | Crypt:1  | Acquired 813 gold pieces
 47464 | Crypt:1  | Acquired the +18 shield of the Gong {Loud rN+ Will+ rCorr
                  | EV-5}
 47464 | Crypt:1  | Found the +18 shield of the Gong {Loud rN+ Will+ rCorr
                  | EV-5}
 47465 | Crypt:1  | Acquired 565 gold pieces
 47511 | Crypt:1  | Reached *** piety under the Shining One
 47556 | Crypt:1  | Noticed Jeidgh's ghost (adept NaAE)
 47598 | Crypt:1  | Noticed Mennas
 47623 | Crypt:1  | Killed Mennas
 47827 | Crypt:1  | Found a basalt altar of Yredelemnul.
 47908 | Crypt:1  | Killed Jeidgh's ghost
 47915 | Crypt:1  | Identified the amulet of Midwinter {RegenMP rN+ Dex+4}
 48004 | Crypt:2  | Reached **** piety under the Shining One
 48369 | Crypt:2  | Found a large runed translucent door.
 48369 | Crypt:2  | Found a large runed translucent door.
 48371 | Crypt:2  | Noticed Kiamal's ghost (veteran GnHW)
 48589 | Crypt:2  | Killed Kiamal's ghost
 48589 | Crypt:2  | Reached ***** piety under the Shining One
 48614 | Crypt:2  | Identified the +10 sling of Arubru {drain, +Blink rElec}
 48651 | Crypt:3  | Entered Level 3 of the Crypt
 48655 | Crypt:3  | Noticed Zenata
 48662 | Crypt:3  | Reached skill level 5 in Invocations
 48665 | Crypt:3  | Killed Zenata
 48965 | Crypt:3  | Reached ****** piety under the Shining One
 49077 | Crypt:3  | Noticed Jory
 49089 | Crypt:3  | Killed Jory
 49128 | Crypt:3  | Reached XP level 25. HP: 172/172 MP: 31/31
 49163 | Crypt:3  | Identified the +8 long sword of Malum Prohibitum {holy,
                  | *Slow rPois MP+9}
 49191 | Crypt:3  | Identified the +2 cloak of the Foremost Stars {Harm}
 49472 | Crypt:3  | Found a staircase to the Tomb.
 49767 | Crypt:3  | Identified the ring "Taloanum" {rElec rN+ Int+7 Slay-5}
 49767 | Crypt:3  | Identified the ring of Fulyokh {Fly rC+ rN+ Dex+4}
 50017 | Vaults:5 | Entered Level 5 of the Vaults
 50080 | Vaults:5 | Reached skill level 15 in Ice Magic
 50171 | Vaults:5 | Noticed a dread lich
 50176 | Vaults:5 | Killed a dread lich
 50246 | Vaults:5 | Reached skill level 20 in Shapeshifting
 50405 | Vaults:5 | Identified the ring of Harucall {rC++ rN+ AC+4 Int-4}
 50434 | Vaults:5 | Reached skill level 10 in Invocations
 50497 | Vaults:5 | Noticed a dread lich
 50500 | Vaults:5 | Killed a dread lich
 50611 | Vaults:5 | Got the Encyclopedia of Bodily Humours
 50784 | Vaults:5 | Identified the +5 arbalest of Sesmav {heavy, Int+5}
 50784 | Vaults:5 | Identified the +7 orcbow of Recklessness {antimagic,
                  | ^Fragile rElec rF+ Str+2 SInv}
 50805 | Vaults:5 | Identified the +5 quarterstaff of Gozag's Delight {elec,
                  | Will+ Stlth+}
 50837 | Vaults:5 | Reached XP level 26. HP: 179/179 MP: 14/31
 50924 | Vaults:5 | Got a silver rune of Zot
 51788 | Depths:2 | Voluntarily entered the Abyss.
 51843 | Abyss:3  | Found a corrupted altar of Lugonu.
 51843 | Abyss:3  | Found a corrupted altar of Lugonu.
 51884 | Abyss:3  | Got an abyssal rune of Zot
 51973 | Abyss:4  | Reached skill level 21 in Shapeshifting
 52055 | Depths:2 | Escaped the Abyss
 52123 | Pan      | Entered Pandemonium
 52142 | Pan      | Gained mutation: You occasionally lose the ability to read
                  | scrolls when taking damage. [a cacodemon]
 52152 | Pan      | Was forgiven by Gozag
 52199 | Pan      | Noticed Kariafu the pandemonium lord
 52244 | Pan      | Killed Kariafu the pandemonium lord
 52705 | Pan      | Acquired 795 gold pieces
 52810 | Pan      | Noticed Monuyc Dupn the pandemonium lord
 52869 | Pan      | Killed Monuyc Dupn the pandemonium lord
 53667 | Pan      | Noticed Aryock the pandemonium lord
 53740 | Pan      | HP: 3/232 [reaper/+3 scythe of protection (22)]
 53741 | Pan      | The Shining One protects you from harm!
 53742 | Pan      | Killed from afar by Aryock the pandemonium lord

Illustrated notes

Levels and vault maps discovered:
D:1:      dpeg_arrival_snail, layout_basic, minmay_worlds_worst_comb
D:2:      layout_rooms, basic_altar, minivault_26,
          chequers_serial_rivers_micro_d
D:3:      layout_loops_ring, nicolae_overflow_macrodata_refinement,
          lightli_temple_of_fire, lemuel_tele_altar, lemuel_round_altar,
          nicolae_the_louvre
D:4:      layout_rooms, mainiacjoe_overflow_concentric_impassable,
          enter_ossuary_3, grunt_ministairs_13, uniq_pikel
D:5:      layout_basic, general_overflow_altar, gup_sewer_entry_glass,
          nrook_mini_backslash, minmay_misc_feat_encased,
          eino_small_chamber_without_monster, nicolae_shop_sticking_my_neck_out,
          uniq_duvessa
D:6:      layout_loops_ring, mainiacjoe_overflow_boulevard, temple_fountains
D:7:      layout_loops_ring
D:8:      layout_rooms, nicolae_alphabet_shops,
          serial_library_regret_index_multi
D:9:      layout_loops_ring, hellmonk_lair_entry_icy, special_room
          [special_room_kobold], minmay_misc_feat_x
D:10:     layout_loops_ring, kennysheep_mini_moat
D:11:     layout_loops_cross, serial_shops, nicolae_shop_tiny_glass,
          nicolae_trove_entry_path_of_doom
D:12:     minmay_the_grid_octo_tiled_octocenter
          [minmay_the_grid_octo_fan_narrow, minmay_the_grid_octo_empty,
          minmay_the_grid_octo_odd_swirl, minmay_the_grid_octo_checkered,
          minmay_the_grid_octo_prize_square_snowflake,
          minmay_the_grid_square_5x5_broken_cross,
          minmay_the_grid_square_5x5_two_small,
          minmay_the_grid_square_5x5_spiral_small,
          minmay_the_grid_square_5x5_percent], layout_grid_maze,
          portal_ice_cave_entry_imps
D:13:     evilmike_iron_armoury, layout_stronghold,
          skrybe_vaults_entry_preservation, roderic_roman_lattice,
          nicolae_stop_n_shop_1
D:14:     layout_roguey, minivault_24
D:15:     gammafunk_depths_entry_grave, layout_irregular_city,
          bh_walls_and_bars, serial_shops, nicolae_shop_tiny_statue_garden,
          nicolae_sif_muna_little_library, uniq_rupert
Temple:   hellmonk_temple_of_storms
Lair:1:   layout_misc_corridors, grunt_megastairs_1, serial_bayou_shore_a
Lair:2:   layout_loops_ring, nicolae_spider_entry_lesser_pyramids,
          chequers_serial_rivers_small_a, grunt_megastairs_4
Lair:3:   layout_concentric_octagons, minmay_shoals_entry_centaurs,
          serial_bayou_lake_a, infiniplex_staircase_pool
Lair:4:   layout_gridlike, lemuel_fruit_fields, grunt_megastairs_2
Lair:5:   grunt_lair_end_beastmaster, layout_misc_corridors,
          nicolae_slime_entry_slimehenge, chequers_serial_rivers_room_b,
          st_stairs_10
Shoals:1: layout_shoals, nicolae_shoals_pincushion_passage
Shoals:2: layout_shoals, uniq_polyphemus
Shoals:3: layout_shoals
Shoals:4: shoals_end_grunt_ice, layout_shoals, serial_shops,
          nicolae_shop_advertising_works [nicolae_subvault_shop_adworks]
Spider:1: nicolae_spider_hall_of_the_moth_king, nicolae_spider_jagged_tunnels
Spider:2: layout_spider_delve
Spider:3: layout_chambers, uniq_arachne, uniq_mlioglotl
Spider:4: grunt_spider_rune_circles, nicolae_spider_circle_web,
          nicolae_spider_webbed_stairs
Orc:1:    layout_caves, serial_shops, shop, basic_altar
Orc:2:    st_orc_open, layout_diamond_mine, nicolae_shop_self_help
Elf:1:    elf_arrival_002, layout_geoelf_grid, serial_shops,
          nicolae_shop_tiny_statue_garden, minmay_elf_crystal_hexagon,
          evilmike_spriggan_trog_shrine
Elf:2:    nicolae_elf_blades_crystal_corner, layout_gridlike
Elf:3:    elf_hall, layout_loops_cross, serial_shops, shop
Vaults:1: grunt_vaults_hallway_long, nicolae_vaults_tetromino_T_2,
          hangedman_vaults_stitches, nicolae_vaults_closet_pinwheel_5,
          nicolae_vaults_network_star, nicolae_vaults_yaktaur_gun_rack,
          nicolae_vaults_asterisk, grunt_vaults_twisty,
          nicolae_vaults_closet_pinwheel_4, vaults_room_pools,
          ontoclasm_vaults_pinch, layout_vaults_omnibox, serial_shops,
          nicolae_diamond_shop, uniq_asterion, uniq_nikola
Vaults:2: v_alt_pattern_6, hangedman_vaults_corner_blocks, v_misc_18,
          nicolae_vaults_diagonal_hallway_9, nicolae_vaults_closet_pinwheel_2,
          nicolae_vaults_trapezoid_lopsided_1, nicolae_vaults_closet_pinwheel_2,
          vaults_room_pool, vaults_standard_mumra_enter_the_diamond, v_misc_17,
          nicolae_vaults_variable_pillar_hall,
          nicolae_vaults_trapezoid_lopsided_3, vaults_dpeg_encased_lava,
          layout_vaults_big_room, serial_shops, nicolae_shop_trees
Vaults:3: nicolae_vaults_apartment_1, ontoclasm_vaults_gateway,
          ontoclasm_vaults_ring_square, nicolae_vaults_double_plus_1,
          minmay_crypt_entry_vampire_xt, nicolae_vaults_tetromino_L_1,
          nicolae_vaults_storage_closets_1, nicolae_vaults_what_the_h,
          vaults_standard_mumra_x, layout_vaults_omnigrid, serial_shops, shop,
          shop, nicolae_lakefront_shop
Vaults:4: v_misc_28, nicolae_vaults_triangles, vaults_mumra_hex,
          nicolae_vaults_trapezoid_2, nicolae_vaults_surprise_closet, v_misc_18,
          nicolae_vaults_thirteen_compartments, v_misc_33,
          nicolae_vaults_little_squares_3, nicolae_vaults_layer_cake_slice,
          layout_vaults_omnicross, serial_shops, shop
Vaults:5
Crypt:1:  layout_misc_corridors, basic_altar, ebering_ghost_reflecting_pool,
          uniq_josephina, uniq_mennas
Crypt:2:  layout_misc_corridors, ebering_ghost_disaster_area
Crypt:3:  due_elkab, layout_chaotic_city, uniq_jory, uniq_zenata
Depths:1: layout_basic, fedhas_altar_3, grunt_hell_entry_dis_grunt,
          nicolae_hepliaklqana_hazy_memory
Depths:2: hangedman_hanging_gardens, layout_gridlike, rand_demon_pan_entry_9,
          hell_entry, abyss_entry, minmay_shoptagon
Depths:3: nicolae_cairo_tiling_very_big, layout_basic, enter_ziggurat_a,
          abyss_entry_small_statue_room, minmay_misc_feat_tower, hell_entry,
          serial_shops, nicolae_shop_rolling_square, cheibriados_altar_1
Depths:4: grunt_crosshair, layout_basic, lightli_too_deep, serial_shops,
          nicolae_shop_pleasant_corner_grove, st_stairs_10,
          nicolae_triple_integral
Pan:      rand_demon_1, layout_cross, uniq_ignacio, rand_demon_2,
          layout_pan_divisions_a [pan_division_quadrant_a3,
          pan_division_quadrant_a3, pan_division_quadrant_a6,
          pan_division_quadrant_a4, pan_division_octagon_halves],
          nicolae_pan_door_chamber, layout_basic, pan_blood_fountain_small,
          evilmike_mini_pan_doors, layout_small_grid, special_room
          [special_room_demon_pit]

Skill      XL: |  1  2  3  4  5  6  7  8  9 10 11 12 13 14 15 16 17 18 19 20 21 22 23 24 25 26 |
---------------+-------------------------------------------------------------------------------+-----
Fighting       | 2 3 4 6 7 8 9 10 11 12 13 14 | 14.5
Shapeshifting  | 4 5 6 7 8 9 10 11 12 14 15 16 17 18 19 20 21 | 21.4
Dodging        | 3 4 5 6 7 9 10 11 12 13 14 | 14.7
Unarmed Combat | 4 5 6 8 15 16 17 18 19 20 | 20.1
Evocations     | 4 8 11 13 | 13.6
Stealth        | 5 8 10 | 10.1
Translocations | 3 6 7 9 10 | 10.4
Air Magic      | 3 5 8 10 | 10.0
Conjurations   | 4 7 9 |  9.7
Ice Magic      | 4 7 9 14 17 19 | 19.5
Spellcasting   | 2 4 5 |  5.7
Shields        | 2 12 16 17 | 17.4
Invocations    | 6 10 13 | 13.0

Action                     |  1- 3 |  4- 6 |  7- 9 | 10-12 | 13-15 | 16-18 | 19-21 | 22-24 | 25-27 || total
---------------------------+-------+-------+-------+-------+-------+-------+-------+-------+-------++-------
  Melee: Unarmed           |    74 |    81 |   288 |   367 |   707 |   830 |   817 |  1229 |   828 ||  5221
         Constrict         |    23 |    17 |    71 |    91 |   151 |   134 |   166 |   175 |   123 ||   951
         Tentacles         |    13 |    19 |    74 |    63 |    62 |   220 |   241 |   444 |   285 ||  1421
         Punch             |       |     4 |     4 |     8 |    26 |    96 |   130 |   268 |   176 ||   712
   Cast: Freezing Cloud    |       |       |       |       |       |    16 |    22 |     7 |     5 ||    50
         Vhi's Electric Ch |       |       |       |       |       |       |       |    17 |    28 ||    45
         Manifold Assault  |       |       |       |       |       |       |       |    11 |    15 ||    26
         Apportation       |       |       |       |       |       |       |       |       |     1 ||     1
 Invoke: Potion Petition   |       |       |       |       |       |     1 |     1 |       |       ||     2
         Call Merchant     |       |       |       |       |       |       |       |     9 |       ||     9
         Divine Shield     |       |       |       |       |       |       |       |       |     3 ||     3
  Evoke: Wand              |       |       |       |     5 |     6 |     5 |     2 |       |       ||    18
    Use: Potion            |       |       |     1 |     1 |     2 |       |     1 |       |       ||     5
         Scroll            |       |       |    15 |     6 |     7 |     4 |     5 |     6 |     4 ||    47
   Stab: Sleeping          |    11 |     5 |     1 |     5 |     8 |    42 |    34 |    28 |       ||   134
         Distracted        |     1 |       |     1 |       |    15 |    13 |    18 |    15 |       ||    63
         Petrifying        |       |       |       |       |     1 |       |       |       |       ||     1
 Armour: Skin              |    24 |    25 |   102 |    81 |   305 |   541 |   287 |   633 |   631 ||  2629
  Dodge: Dodged            |    24 |    37 |   210 |   220 |   572 |  1070 |   498 |  1007 |   696 ||  4334
  Block: Kite shield       |       |       |       |       |       |   393 |  1004 |  1376 |   978 ||  3751
         Reflection        |       |       |       |       |       |    41 |    62 |     1 |       ||   104
   Form: Flux              |       |       |     1 |       |       |       |       |       |       ||     1
         Blade             |       |       |       |     2 |       |     1 |       |       |       ||     3
         Serpent           |       |       |       |     2 |     1 |     1 |       |       |       ||     4
         Statue            |       |       |       |       |     2 |     1 |     1 |       |       ||     4
         Death             |       |       |       |       |       |     1 |       |       |       ||     1
                           |       |       |       |       |       |       |     1 |       |       ||     1

Table legend: (Time is in decaauts)
 A = Elapsed time spent in this place.
 B = Non-inter-level travel time spent in this place.
 C = Inter-level travel time spent in this place.
 D = Time resting spent in this place.
 E = Time spent auto-exploring this place.
 F = Levels seen in this place.
 G = Mean time per level.
                   A        B        C        D        E       F      G
               +--------+--------+--------+--------+--------+-----+--------+
         Total |  69020 |  63194 |   5826 |   2446 |  47235 |  57 | 1210.9 |
       Dungeon |  18754 |  16371 |   2383 |    713 |  12982 |  15 | 1250.3 |
        Temple |     64 |      4 |     60 |      0 |      0 |   1 |   64.0 |
          Lair |   6566 |   6097 |    469 |    612 |   4146 |   5 | 1313.2 |
        Shoals |   5010 |   4722 |    288 |      0 |   3856 |   4 | 1252.5 |
   Spider Nest |   7624 |   7346 |    278 |    342 |   5505 |   4 | 1906.0 |
  Orcish Mines |   2849 |   2635 |    214 |    272 |   1739 |   2 | 1424.5 |
   Elven Halls |   4369 |   4196 |    173 |      0 |   3354 |   3 | 1456.3 |
        Vaults |   9537 |   8334 |   1203 |     48 |   6490 |   5 | 1907.4 |
         Crypt |   3736 |   3540 |    196 |     30 |   2608 |   3 | 1245.3 |
        Depths |   5693 |   5135 |    558 |    129 |   3882 |   4 | 1423.2 |
         Abyss |    755 |    755 |      0 |     40 |    291 |   3 |  251.7 |
   Pandemonium |   2708 |   2708 |      0 |     40 |   1770 |   4 |  677.0 |
         Trove |    100 |    100 |      0 |      0 |      0 |   1 |  100.0 |
         Sewer |    463 |    463 |      0 |     69 |    229 |   1 |  463.0 |
       Ossuary |    394 |    394 |      0 |      0 |    294 |   1 |  394.0 |
      Ice Cave |    392 |    392 |      0 |    150 |     87 |   1 |  392.0 |
               +--------+--------+--------+--------+--------+-----+--------+

Top non-repeatable levels by time:
Spider:1: 2403 daAuts
    D:13: 2400 daAuts
Vaults:3: 2268 daAuts
Vaults:5: 2089 daAuts
Spider:3: 2029 daAuts
Depths:2: 1988 daAuts
Spider:4: 1969 daAuts
  Lair:5: 1934 daAuts
   Orc:2: 1818 daAuts
Vaults:1: 1812 daAuts
    D:12: 1790 daAuts
Vaults:4: 1745 daAuts
 Crypt:3: 1703 daAuts
  Lair:2: 1623 daAuts
Vaults:2: 1620 daAuts
